 Dungeon Crawl Stone Soup version 0.32-a0-841-g4648e6c457 (webtiles) character file.

Game seed: 7483692741906890677

1058 Khors the Cleaver (level 8, -2/58 HPs)
             Began as a Coglin Berserker on Mar 27, 2024.
             Was an Elder of Trog.
             Slain by a mummy (12 damage)
             ... in an ossuary.
             The game lasted 00:04:49 (4467 turns).

Khors the Cleaver (Coglin Berserker)                Turns: 4467, Time: 00:04:50

Health: -2/58      AC:  8    Str: 20    XL:     8   Next: 27%
Magic:  8/8        EV: 10    Int:  7    God:    Trog [****..]
Gold:   262        SH:  0    Dex: 13    Spells: 7/7 levels left

rFire   . . .        a - +0 hand axe {Latda}
rCold   . . .        s - +0 dagger (venom) {Yejun}
rNeg    . . .        d - +0 ring mail
rPois   .            i - +0 helmet
rElec   .            l - +0 cloak
rCorr   .            b - +0 pair of gloves
SInv    .            (no boots)
Will    .....        (amulet unavailable)
Stlth   +            (ring unavailable)
HPRegen 0.29/turn    (ring unavailable)
MPRegen 0.11/turn    (no gizmo)

%: no passive effects
@: revved
A: off-hand wielding, slow wielding, warmup strikes, no jewellery
a: Invent Gizmo, Renounce Religion, Berserk, Trog's Hand, Brothers in Arms


You were in an ossuary.
You worshipped Trog.
Trog was greatly pleased with you.
You visited 2 branches of the dungeon, and saw 7 of its levels.
You also visited: Ossuary.

You collected 262 gold pieces.

Inventory:

Hand Weapons
 a - a +0 hand axe (weapon) {Latda}
 c - a +0 dagger {Xiuying}
 s - a +0 dagger of venom (offhand) {Yejun}
Armour
 b - a +0 pair of gloves (worn)
 d - a +0 ring mail (worn)
 i - a +0 helmet (worn)
 l - a +0 cloak (worn)
Wands
 k - a wand of flame (19)
 n - a wand of charming (3)
Scrolls
 e - a scroll of amnesia
 f - 4 scrolls of teleportation {unknown}
 g - 2 scrolls of identify {@r1}
 h - 2 scrolls of poison {unknown}
 j - 4 scrolls of immolation
 m - a scroll of vulnerability {!r}
 q - a scroll of fog {unknown}
 u - a scroll of enchant weapon {unknown}
Potions
 o - 3 potions of resistance {unknown}
 p - 2 potions of haste {@q5}
 r - a potion of berserk rage {unknown}
 t - 2 potions of curing {unknown}


   Skills:
 - Level 3.0 Fighting
 + Level 9.9 Axes
 - Level 1.7 Armour
 - Level 1.7 Dodging


You had 7 spell levels left.
You didn't know any spells.
Your spell library was empty.

Dungeon Overview and Level Annotations

Branches:
Dungeon (6/15)             Temple (1/1) D:4         Ossuary (1/1)

Altars:
Ashenzari
Dithmenos
Elyvilon
Gozag
Hepliaklqana
Kikubaaqudgha
Makhleb
Nemelex Xobeh
Okawaru
Qazlal
Ru
Sif Muna
Trog
Uskayaw
Vehumet
Xom
Yredelemnul
Zin
The Shining One

Annotations:
D:5 2 transporters, Herkes's ghost, novice MiFi


Innate Abilities, Weirdness & Mutations

You can wield a second weapon in your off-hand.
It takes a long time for you to wield or remove held weapons.
Your first few attacks do less damage.
You cannot equip rings or amulets.


Message History

You barely miss the mummy with your +0 dagger of venom.
The mummy hits you but does no damage.
You hit the mummy with your +0 dagger of venom.
The mummy is almost destroyed.
You hit the mummy but do no damage. The mummy hits you but does no damage.
You hit the mummy with your +0 dagger of venom.
You destroy the mummy!
Trog accepts your kill.
You hit the mummy with your +0 hand axe.
The mummy is lightly damaged.
You hit the mummy but do no damage. You hit the mummy but do no damage.
The mummy is lightly damaged.
You hit the mummy with your +0 dagger of venom.
The mummy closely misses you.
You hit the mummy with your +0 hand axe.
The mummy is heavily damaged.
You hit the mummy with your +0 dagger of venom.
The mummy closely misses you.
You hit the mummy but do no damage.
The mummy is severely damaged.
You barely miss the mummy with your +0 hand axe.
You hit the mummy with your +0 hand axe.
The mummy is almost destroyed.
You hit the mummy but do no damage. The mummy hits you!
* * * LOW HITPOINT WARNING * * *
You hit the mummy with your +0 dagger of venom.
The mummy is almost destroyed.
You hit the mummy with your +0 hand axe.
You hit the mummy with your +0 hand axe.
You destroy the mummy!
Trog accepts your kill.
You slash the mummy with your +0 hand axe!
The mummy is heavily damaged.
You hit the mummy but do no damage.
A kobold zombie comes into view.
You closely miss the mummy with your +0 hand axe.
The mummy is heavily damaged.
You hit the mummy but do no damage. The mummy hits you!
You die...

##### #.!.# #?!!#
#@# ###+### #M###
##...^.## ##)).#
##.......###Z.#.#
+.........'...#.#
+....⌠....'.#.###
+...^.....'...#.#
#.......###..#.#
##.....## ##''.#


You could see a mummy and a kobold zombie.

Vanquished Creatures
  Sigmund (D:3)
  Pargi (D:3)
  An ice beast (D:6)
  A scorpion (D:5)
  2 burial acolytes (Ossuary)
  A bombardier beetle (D:5)
  2 jellies
  A hound (D:4)
  A human zombie (Ossuary)
  Terence (D:2)
  Natasha (thrice) (D:3)
  An orc wizard (D:6)
  5 mummies (Ossuary)
  Robin (D:2)
  2 gnolls (D:6)
  6 adders
  A white imp (D:5)
  4 dart slugs
  2 ribbon worms
  12 orcs
  2 bats (D:1)
  9 endoplasms
  A giant cockroach (D:1)
  14 goblins
  9 hobgoblins
  4 jackals (D:2)
  7 kobolds
  3 quokkas
  4 ball pythons
  2 frilled lizards
  4 kobold zombies (Ossuary)
  An orc zombie (Ossuary)
  2 rats (D:2)
111 creatures vanquished.

Notes
Turn   | Place    | Note
-------+----------+-------------------------------------------
     0 | D:1      | Khors the Coglin Berserker began the quest for the Orb.
     0 | D:1      | Reached XP level 1. HP: 18/18 MP: 1/1
    53 | D:1      | Reached XP level 2. HP: 23/24 MP: 2/2
   693 | D:2      | Noticed Robin
   699 | D:2      | Reached skill level 4 in Axes
   702 | D:2      | Reached XP level 3. HP: 29/29 MP: 3/3
   717 | D:2      | Reached ** piety under Trog
   727 | D:2      | Killed Robin
   829 | D:2      | Found a faded altar of an unknown god.
   873 | D:2      | Reached XP level 4. HP: 16/35 MP: 4/4
  1043 | D:2      | Reached skill level 5 in Axes
  1416 | D:2      | Noticed Terence
  1735 | D:2      | Killed Terence
  1736 | D:2      | Reached XP level 5. HP: 5/41 MP: 5/5
  2366 | D:3      | Noticed Natasha
  2370 | D:3      | Killed Natasha
  2371 | D:3      | Reached skill level 6 in Axes
  2383 | D:3      | Noticed Natasha
  2390 | D:3      | Killed Natasha
  2431 | D:3      | Noticed Sigmund
  2443 | D:3      | Killed Sigmund
  2444 | D:3      | Reached skill level 7 in Axes
  2444 | D:3      | Reached XP level 6. HP: 25/47 MP: 6/6
  2548 | D:3      | Noticed Natasha
  2553 | D:3      | Killed Natasha
  2684 | D:3      | Noticed Pargi
  2694 | D:3      | Reached *** piety under Trog
  2701 | D:3      | Killed Pargi
  2702 | D:3      | Reached XP level 7. HP: 32/52 MP: 7/7
  3060 | D:4      | Reached skill level 8 in Axes
  3310 | D:4      | Found a staircase to the Ecumenical Temple.
  3794 | Temple   | Entered the Ecumenical Temple
  3816 | D:5      | Entered Level 5 of the Dungeon
  3840 | D:5      | Noticed Herkes's ghost (novice MiFi)
  3841 | D:5      | Found a transporter.
  3841 | D:5      | Found a transporter.
  4038 | D:6      | Reached skill level 9 in Axes
  4107 | D:6      | Reached XP level 8. HP: 38/58 MP: 8/8
  4250 | D:6      | Found a sand-covered staircase.
  4258 | Ossuary  | Entered an ossuary
  4427 | Ossuary  | Reached **** piety under Trog
  4467 | Ossuary  | Slain by a mummy

Illustrated notes

Levels and vault maps discovered:
D:1:      minmay_arrival_stone_box, layout_basic
D:2:      layout_basic, ebering_ecumenical_altar_petrified, uniq_terence,
          uniq_robin
D:3:      layout_basic, uniq_sigmund, uniq_pargi, uniq_natasha
D:4:      layout_cave_pods, minmay_temple_entry_crystal_x
D:5:      layout_loops_ring, gammafunk_ghost_smash, hex_large
D:6:      lemuel_insect_pit, layout_basic, mainiacjoe_overflow_small_starburst,
          serial_shops, nicolae_shop_crystal, nicolae_ossuary_entry_ruins
Temple:   compressed_dpeg_triangle_lava_temple
Ossuary:  ossuary_crypta

Skill      XL: |  1  2  3  4  5  6  7 |
---------------+----------------------+-----
Axes           | 4 5 7 9 |  9.9
Fighting       | |  3.0
Armour         | |  1.7
Dodging        | |  1.7

Action                     |  1- 3 |  4- 6 |  7- 9 || total
---------------------------+-------+-------+-------++-------
  Melee: Hand axe          |    62 |   110 |   176 ||   348
         Dagger            |    61 |   101 |   167 ||   329
    Use: Potion            |       |     1 |       ||     1
         Scroll            |       |     3 |       ||     3
 Armour: Animal skin       |     9 |       |       ||     9
         Ring mail         |    37 |    87 |    88 ||   212
  Dodge: Dodged            |    29 |    69 |    77 ||   175

Table legend: (Time is in decaauts)
 A = Elapsed time spent in this place.
 B = Non-inter-level travel time spent in this place.
 C = Inter-level travel time spent in this place.
 D = Time resting spent in this place.
 E = Time spent auto-exploring this place.
 F = Levels seen in this place.
 G = Mean time per level.
                   A        B        C        D        E       F      G
               +--------+--------+--------+--------+--------+-----+--------+
         Total |   4438 |   4187 |    251 |    641 |   2833 |   8 |  554.8 |
       Dungeon |   4234 |   3983 |    251 |    556 |   2804 |   6 |  705.7 |
        Temple |      1 |      1 |      0 |      0 |      0 |   1 |    1.0 |
       Ossuary |    202 |    202 |      0 |     85 |     29 |   1 |  202.0 |
               +--------+--------+--------+--------+--------+-----+--------+

Top non-repeatable levels by time:
     D:2: 1092 daAuts
     D:1: 950 daAuts
     D:4: 878 daAuts
     D:3: 875 daAuts
     D:6: 354 daAuts
 Ossuary: 202 daAuts
     D:5: 83 daAuts
  Temple: 1 daAuts
